 Dungeon Crawl Stone Soup version 0.29-a0-234-g0dae59b3db (webtiles) character file.

Game seed: 4829655355507818281

396 PaleWalker the Cutter (level 7, -11/40 HPs)
             Began as a Kobold Brigand on Mar 2, 2022.
             Killed by divine providence
             ... invoked by an orc priest
              (16 damage)
             ... on level 4 of the Dungeon.
             The game lasted 00:08:03 (4824 turns).

PaleWalker the Cutter (Kobold Brigand)              Turns: 4824, Time: 00:08:03

Health: -11/40     AC:  5    Str:  8    XL:     7   Next: 9%
Magic:  7/7        EV: 14    Int: 13    God:
Gold:   165        SH:  0    Dex: 18    Spells: 6/6 levels left

rFire   . . .      SeeInvis .   a - +2 dagger
rCold   . . .      Faith    .   (no shield)
rNeg    . . .      Spirit   .   b - +0 robe
rPois   .          Reflect  .   g - +0 helmet
rElec   .          Harm     .   c - +0 cloak
rCorr   .          Rampage  .   j - +0 pair of gloves
Will    .....                   (no boots)
Stlth   +++++.....              (no amulet)
HPRegen 0.13/turn               (no ring)
MPRegen 0.10/turn               (no ring)

@: no status effects
A: small, no large weapons, nightstalker 3
a: no special abilities


You were on level 4 of the Dungeon.
You visited 1 branch of the dungeon, and saw 4 of its levels.
You also visited: Sewer.

You collected 165 gold pieces.

Inventory:

Hand Weapons
 a - a +2 dagger (weapon)
Missiles
 d - 12 poisoned darts (quivered)
 q - a throwing net
Armour
 b - a +0 robe (worn)
 c - a +0 cloak (worn)
 g - a +0 helmet (worn)
 j - a +0 pair of gloves (worn)
 o - a +0 leather armour
Scrolls
 i - 3 scrolls of fog
 k - a scroll of identify
 n - a scroll of teleportation {unknown}
 p - a scroll of silence {unknown}
 r - a scroll of blinking {unknown}
Potions
 f - a potion of curing {unknown}
 h - 4 potions of brilliance {unknown}
 l - a potion of degeneration {unknown}
 m - 2 potions of might {unknown}
 s - 4 potions of mutation {unknown}
 t - a potion of invisibility {unknown}
 u - a potion of lignification {unknown}


   Skills:
 - Level 2.1 Fighting
 * Level 7.8 Short Blades
 - Level 2.1 Throwing
 - Level 1.2 Dodging
 + Level 7.6 Stealth


You had 6 spell levels left.
You didn't know any spells.
Your spell library contained the following spells:

 Spells                   Type           Power      Damage    Failure   Level
 Magic Dart               Conj           0%         1d3       30%         1
 Sting                    Tmut/Pois      0%         1d3       30%         1
 Summon Small Mammal      Summ           0%         N/A       30%         1
 Call Imp                 Summ           0%         N/A       43%         2
 Ensorcelled Hibernation  Hex/Ice        0%         N/A       43%         2
 Passwall                 Tmut/Erth      0%         N/A       43%         2
 Poisonous Vapours        Pois/Air       0%         N/A       43%         2
 Call Canine Familiar     Summ           0%         N/A       67%         3
 Mephitic Cloud           Conj/Pois/Air  0%         N/A       67%         3
 Summon Guardian Golem    Hex/Summ       0%         N/A       67%         3
 Swiftness                Air            0%         N/A       67%         3
 Olgreb's Toxic Radiance  Pois           0%         N/A       97%         4


Dungeon Overview and Level Annotations

Branches:
Dungeon (4/15)              Sewer (visited)
 Temple: D:4-7

Altars:
Cheibriados
Makhleb
Nemelex Xobeh
Qazlal
Trog
Vehumet
Yredelemnul

Shops:
D:2 (   D:4 ?


Innate Abilities, Weirdness & Mutations

You are small and have problems with some larger weapons.
You are completely attuned to the shadows.


Message History

The orc priest mumbles some strange prayers to Beogh against you.
Beogh smites you! The orc priest closely misses you.
The orc hits you with a +1 falchion of electrocution.
You are electrocuted!
* * * LOW HITPOINT WARNING * * *
You hit the orc priest.
The orc priest is lightly wounded.
Sorry, you're not good enough to have a special ability.
As you read the scroll labelled GAANOE TUSOEGU, it crumbles to dust.
It is a scroll of identify.
i - 3 scrolls of fog The orc priest hits you with a +0 flail.
* * * LOW HITPOINT WARNING * * *
The orc hits you with a +1 falchion of electrocution.
* * * LOW HITPOINT WARNING * * *
Throw: dart (curare)
Press: ? - help, Q - select action, (/) - cycle Shift-Dir - straight line, f - orc priest
Aim: an orc priest, wielding a +0 flail (lightly wounded, 63% to hit)
You throw a curare-tipped dart.
The curare-tipped dart closely misses the orc priest.
The orc priest casts a cantrip, but nothing happens.
The orc hits you but does no damage.
Throw: 13 darts (poison)
Press: ? - help, Q - select action, (/) - cycle Shift-Dir - straight line, f/p - orc priest
Aim: an orc priest, wielding a +0 flail (lightly wounded, 63% to hit)
You throw a poisoned dart. The poisoned dart hits the orc priest!
The orc priest is poisoned.
The orc priest is lightly wounded.
The orc priest closely misses you. The orc closely misses you.
Throw: 12 darts (poison)
Press: ? - help, Q - select action, (/) - cycle Shift-Dir - straight line, f/p - orc priest
Aim: an orc priest, wielding a +0 flail (moderately wounded, very poisoned, 63% to hit)
Okay, then.
The orc priest completely misses you.
The orc priest looks braver for a moment.
The orc priest casts a cantrip, but nothing happens.
The orc priest calls down the wrath of Beogh upon you.
Beogh smites you!
You die...

#...........
#...........
######...........
##..#..#####......
#....o.....#......
#.......... ......
#..o....... .....
#..........
#@........
#........ +.......
#...### #####


You could see an orc priest (poisoned) and an orc.

Vanquished Creatures
  A kobold brigand (Sewer)
  A scorpion (D:4)
  A vampire bat (D:3)
  3 adders
  4 river rats (D:4)
  A worm (D:2)
  3 dart slugs
  3 fire bats (D:3)
  3 orcs
  2 spectral bats (D:3)
  3 bat skeletons (D:3)
  A bat zombie (D:3)
  2 endoplasms
  7 giant cockroaches
  5 goblins
  4 hobgoblins
  7 jackals (D:2)
  16 kobolds
  A quokka (D:2)
  7 ball pythons
  14 bats
  A bat simulacrum (D:3)
  3 frilled lizards (D:1)
  14 rats
107 creatures vanquished.

Vanquished Creatures (others)
  6 plants
6 creatures vanquished.

Grand Total: 113 creatures vanquished

Notes
Turn   | Place    | Note
-------+----------+-------------------------------------------
     0 | D:1      | PaleWalker the Kobold Brigand began the quest for the Orb.
     0 | D:1      | Reached XP level 1. HP: 12/12 MP: 1/1
   153 | D:1      | Found a faded altar of an unknown god.
   555 | D:1      | Reached XP level 2. HP: 17/17 MP: 2/2
  1314 | D:2      | Found a snail-covered altar of Cheibriados.
  1592 | D:2      | Reached XP level 3. HP: 21/21 MP: 3/3
  1735 | D:2      | Found Capoal Seysm's Weapon Shop.
  2141 | D:2      | Reached XP level 4. HP: 24/26 MP: 4/4
  2650 | D:3      | Reached skill level 5 in Short Blades
  2650 | D:3      | Reached XP level 5. HP: 26/30 MP: 5/5
  3016 | D:3      | Found a sparkling altar of Nemelex Xobeh.
  3019 | D:3      | Found a radiant altar of Vehumet.
  3019 | D:3      | Found a burning altar of Makhleb.
  3021 | D:3      | Found a basalt altar of Yredelemnul.
  3021 | D:3      | Found a stormy altar of Qazlal.
  3248 | D:3      | Reached XP level 6. HP: 34/35 MP: 6/6
  3708 | D:3      | Found a bloodstained altar of Trog.
  3731 | D:4      | Found Ohyxunwo's Magic Scroll Shop.
  3775 | D:4      | Found a glowing drain.
  3825 | Sewer    | Entered a sewer
  4777 | D:4      | Reached XP level 7. HP: 40/40 MP: 7/7
  4824 | D:4      | Killed from afar by an orc priest

Illustrated notes

Levels and vault maps discovered:
D:1:      elethiomel_arrival_quiet, layout_loops_cross,
          shapermc_ecumenical_altar_mp_urbaneastern
D:2:      layout_loops_ring, serial_shops, nicolae_diamond_shop,
          serial_co_window_serial, co_window_paths_a, co_window_paths_b,
          co_window_corner_a, co_window_of_opportunity_a, co_window_corner_a,
          co_window_broadway_b, co_window_corner_b, co_window_cross_2,
          glass_columns_a, glass_columns_b, glass_columns_a, glass_columns_a,
          basic_altar, kennysheep_generic_room_7
D:3:      layout_loops_corners, grunt_temple_overflow_open, trog_book,
          goddamned_bats
D:4:      layout_gridville, portal_sewer_entry_b, serial_shops, shop_fountains

Skill      XL: |  1  2  3  4  5  6 |
---------------+-------------------+-----
Short Blades   | 3 4 5 6 7 |  7.8
Stealth        | 6 7 |  7.6
Fighting       | |  2.1
Throwing       | |  2.1
Dodging        | |  1.2

Action                   |  1- 3 |  4- 6 |  7- 9 || total
-------------------------+-------+-------+-------++-------
Melee: Dagger            |    97 |   220 |     3 ||   320
       Punch             |     1 |     3 |       ||     4
Throw: Dart              |     6 |     6 |     2 ||    14
  Use: Scroll            |       |       |     1 ||     1
 Stab: Sleeping          |    12 |    26 |     1 ||    39
Armor: Robe              |    16 |    64 |     1 ||    81
Dodge: Dodged            |    42 |   170 |     4 ||   216

Table legend: (Time is in decaauts)
 A = Elapsed time spent in this place.
 B = Non-inter-level travel time spent in this place.
 C = Inter-level travel time spent in this place.
 D = Time resting spent in this place.
 E = Time spent auto-exploring this place.
 F = Levels seen in this place.
 G = Mean time per level.
                   A        B        C        D        E       F      G
               +--------+--------+--------+--------+--------+-----+--------+
         Total |   4771 |   4687 |     84 |    644 |   3288 |   5 |  954.2 |
       Dungeon |   3928 |   3844 |     84 |    255 |   3010 |   4 |  982.0 |
         Sewer |    842 |    842 |      0 |    389 |    277 |   1 |  842.0 |
               +--------+--------+--------+--------+--------+-----+--------+

Top non-repeatable levels by time:
     D:1: 1273 daAuts
     D:3: 1271 daAuts
     D:2: 1137 daAuts
   Sewer: 842 daAuts
     D:4: 246 daAuts
